Map: 트라이튼 - 래더

Players

Impact - Winner!

  • Race: Zerg Zerg
  • Spawn Location: 11:00

Has

  • Race: Protoss Protoss
  • Spawn Location: 5:00

Event: IEM Katowice 2020

VOD

Have the link to the VOD?

Description

Time

  • Played on: Feb. 24, 2020, 10:22 a.m.
  • Length: 9:35

All games in this series

Show
View Real Time Build Order
Export as new Build Order

Impact Zerg - Winner!

Build Orders: Pool First 

Get SALT Encoding   

  12  0:00  Drone  
  13  0:12  Overlord  
  13  0:16  Drone  
  14  0:31  Drone x2  
  16  0:37  Drone  
  17  0:45  Extractor  
  17  0:46  Spawning Pool  
  17  0:49  Drone  
  16  0:55  Drone  
  17  1:15  Hatchery  
  16  1:18  Drone  
  17  1:35  Zergling x2, Queen  
  20  1:40  Zergling x2  
  21  1:50  Overlord  
  21  1:53  Drone  
  22  2:00  Metabolic Boost  
  22  2:11  Drone  
  22  2:12  Drone  
  24  2:21  Drone  
  25  2:28  Drone  
  26  2:34  Drone  
  27  2:39  Hatchery  
  27  2:42  Drone  
  27  2:45  Drone  
  28  2:51  Queen  
  28  2:53  Zergling x2  
  28  2:57  Drone  
  32  2:58  Drone  
  32  3:03  Overlord  
  33  3:08  Drone  
  33  3:10  Drone  
  35  3:14  Drone  
  35  3:19  Drone  
  36  3:21  Queen  
  36  3:24  Drone  
  39  3:31  Drone x2  
  41  3:40  Overlord  
  41  3:42  Lair  
  41  3:45  Drone  
  42  3:48  Roach Warren  
  42  3:52  Drone x2  
  42  3:54  Drone  
  44  3:57  Drone x2  
  44  3:58  Extractor x2, Drone  
  44  4:01  Drone  
  45  4:04  Zergling x2  
  45  4:05  Zergling x2  
  45  4:07  Drone  
  49  4:10  Drone x2  
  49  4:12  Queen  
  49  4:17  Drone  
  53  4:20  Overlord  
  53  4:23  Overlord  
  53  4:28  Drone  
  53  4:29  Spore Crawler, Roach  
  55  4:32  Roach  
  57  4:39  Roach x3  
  57  4:40  Overseer  
  57  4:43  Drone  
  57  4:44  Roach  
  65  4:48  Overseer  
  65  4:50  Glial Reconstitution  
  65  4:54  Spore Crawler, Drone  
  65  4:59  Drone x2  
  69  5:05  Drone  
  69  5:06  Drone x2  
  74  5:09  Overlord  
  74  5:10  Extractor  
  69  5:16  Hydralisk Den  
  69  5:17  Spore Crawler  
  67  5:34  Overlord x3  
  67  5:35  Overlord  
  67  5:47  Grooved Spines  
  67  5:53  Drone  
  67  5:54  Drone x3  
  67  5:55  Drone x11  
  82  6:00  Extractor  
  82  6:01  Drone  
  82  6:02  Drone x2  
  82  6:03  Overlord  
  84  6:05  Overlord  
  84  6:08  Overlord  
  84  6:12  Overlord x2  
  84  6:14  Evolution Chamber  
  83  6:21  Hydralisk x2  
  83  6:25  Zergling x2  
  88  6:26  Zergling x4  
  88  6:27  Zergling x2  
  88  6:30  Hydralisk  
  93  6:35  Hydralisk x2  
  97  6:40  Zerg Missile Weapons Level 1  
  97  6:43  Hydralisk x2  
  97  6:45  Hydralisk  
  103  6:48  Hydralisk  
  103  6:49  Hydralisk  
  103  6:51  Hydralisk  
  108  6:54  Hatchery  
  108  6:55  Overlord  
  108  6:58  Hydralisk  
  108  6:59  Hydralisk  
  108  7:00  Hydralisk  
  113  7:15  Hydralisk x6  
  104  7:20  Hydralisk x2  
  120  7:24  Overseer  
  120  7:25  Roach  
  120  7:26  Overlord  
  120  7:27  Extractor  
  120  7:28  Overlord  
  120  7:29  Drone  
  122  7:38  Overlord x3  
  122  7:45  Ravager  
  122  7:46  Ravager x2  
  122  7:47  Roach x4  
  122  7:48  Roach  
  122  7:50  Roach  
  137  7:54  Overseer  
  137  7:56  Overlord x2  
  137  7:57  Roach  
  137  7:59  Drone  
  137  8:01  Roach  
  137  8:04  Roach x2  
  144  8:06  Roach  
  144  8:10  Roach x2  
  144  8:12  Roach  
  152  8:16  Roach x3  
  152  8:18  Roach  
  160  8:21  Overseer  
  160  8:23  Zergling x6  
  160  8:25  Zergling x4  
  165  8:28  Zergling x4  
  165  8:30  Zergling x4  
  165  8:32  Ravager x3  
  172  8:36  Overlord x2  
  172  8:39  Roach  
  174  8:47  Overlord x2  
  174  8:49  Overlord  
  174  8:59  Roach x5  
  184  9:09  Roach x6  
  192  9:14  Roach x2  
  192  9:16  Zergling x2  
Show
View Real Time Build Order
Export as new Build Order

Has Protoss 

Build Orders: 1 Gate Expand, Forge Fast Expand (FFE), Zealot Archon 

Get SALT Encoding   

  12  0:00  Probe  
  13  0:12  Probe  
  14  0:20  Pylon  
  14  0:24  Probe  
  15  0:38  Probe (Chrono Boost)  
  15  0:39  Gateway  
  16  0:47  Probe (Chrono Boost)  
  17  0:52  Probe (Chrono Boost)  
  17  0:55  Forge  
  18  1:04  Probe  
  18  1:06  Assimilator  
  19  1:16  Probe  
  20  1:18  Pylon  
  20  1:38  Nexus  
  21  1:46  Cybernetics Core  
  20  1:47  Probe  
  20  1:51  Assimilator  
  21  1:59  Pylon  
  21  2:02  Probe  
  22  2:15  Probe  
  23  2:19  Adept (Chrono Boost)  
  25  2:23  Warp Gate  
  25  2:27  Probe  
  26  2:34  Twilight Council  
  26  2:39  Probe  
  26  2:41  Stalker (Chrono Boost)  
  30  2:54  Probe (Chrono Boost)  
  30  2:55  Probe (Chrono Boost)  
  31  3:05  Probe (Chrono Boost)  
  33  3:07  Probe (Chrono Boost)  
  33  3:10  Probe (Chrono Boost)  
  34  3:19  Probe (Chrono Boost)  
  34  3:20  Stargate  
  34  3:21  Probe (Chrono Boost)  
  35  3:29  Assimilator  
  35  3:30  Probe (Chrono Boost)  
  35  3:31  Probe (Chrono Boost)  
  37  3:39  Pylon  
  37  3:41  Probe, Stargate  
  37  3:43  Probe  
  37  3:48  Pylon  
  39  3:52  Assimilator  
  39  3:53  Probe  
  41  3:55  Probe  
  41  4:04  Phoenix (Chrono Boost)  
  41  4:05  Probe  
  41  4:07  Probe  
  45  4:12  Pylon  
  45  4:16  Adept  
  47  4:18  Probe  
  47  4:19  Probe  
  47  4:24  Phoenix (Chrono Boost)  
  49  4:30  Probe  
  49  4:31  Phoenix (Chrono Boost)  
  54  4:32  Probe  
  54  4:34  Protoss Ground Weapons Level 1  
  54  4:36  Pylon  
  55  4:43  Phoenix  
  57  4:52  Pylon  
  57  4:53  Charge  
  57  5:03  Phoenix  
  59  5:12  Shield Battery  
  58  5:15  Zealot  
  58  5:16  Phoenix  
  64  5:25  Gateway  
  64  5:26  Gateway, Robotics Facility  
  64  5:33  Nexus  
  62  5:39  Probe  
  62  5:41  Pylon  
  63  5:49  Probe  
  64  5:51  Gateway  
  64  5:52  Templar Archives  
  64  5:58  Probe  
  64  6:00  Gateway  
  65  6:06  Probe  
  65  6:09  Pylon, Sentry  
  68  6:15  Observer (Chrono Boost)  
  69  6:21  Probe x2  
  71  6:25  Zealot  
  71  6:26  Zealot  
  75  6:33  Probe, Gateway  
  75  6:34  Gateway  
  75  6:35  Probe  
  75  6:36  Gateway  
  75  6:39  Zealot  
  79  6:45  Protoss Ground Weapons Level 2 (Chrono Boost), Probe  
  79  6:46  High Templar  
  79  6:47  High Templar, Zealot  
  84  6:50  Pylon  
  86  7:01  Zealot x2  
  90  7:02  Archon  
  90  7:04  Probe  
  90  7:05  Probe  
  88  7:14  Probe  
  88  7:15  Zealot  
  83  7:24  Zealot  
  83  7:25  High Templar x2  
  83  7:26  Zealot  
  91  7:31  Archon, Pylon  
  91  7:34  Zealot x3  
  97  7:37  Pylon  
  97  7:40  Sentry  
  97  7:43  Probe x2  
  97  7:44  Probe, Pylon  
  102  7:45  Pylon  
  102  7:48  Zealot x2  
  106  7:57  Warp Prism (Chrono Boost)  
  106  7:58  High Templar  
  106  7:59  High Templar, Zealot x3  
  106  8:02  Archon  
  118  8:07  Probe x2  
  120  8:18  Zealot  
  120  8:19  Zealot x4  
  129  8:38  High Templar x2  
  129  8:40  Zealot x6  
  145  8:42  Archon  
  145  8:58  Warp Prism  
  145  9:03  Zealot  
  145  9:04  Zealot x5  
  145  9:07  Pylon  
  145  9:08  Pylon  
  151  9:10  Pylon, Assimilator  
  151  9:11  Assimilator  
  133  9:17  Zealot x2  
  107  9:26  Zealot  
  107  9:27  Zealot x5  

Tags
 
Add a new tag
Caveats
  • Supply blocks, unpowered buildings, or Contaminate may cause inaccurate times.
  • Supply counts are checked every 10 seconds.